AoeStats
← TM Caesar

Hideout

507823599Analyzed
1v1 RM · 14d ago on Sep 19, 2026· 34m 11s· 2 players
Game mode
Random Map
Map size
Tiny (2 player)
Population
200
Speed
Normal
Resources
Standard
Victory
Conquest
Starting age
Dark Age
Ending age
Imperial Age
RankedLock teamsTeams togetherTeam positionsShared explorationLock speedFull tech treeHidden civsTurbo modeCheats
Victory
Defeat
🇪🇸 Vikings · Spain
1792
+10
🇦🇷 Tupi · Argentina
1666
-10
TM Caesar
10:07 Feudal Age
14:01 Castle Age
12:03 Double-Bit Axe
12:34 Horse Collar
15:32 Bow Saw
19:54 Fletching
20:59 Loom
22:12 Bodkin Arrow
22:55 Padded Archer Armor
24:45 Wheelbarrow
24:17 Heavy Plow
25:24 Gold Mining
29:50 Imperial Age
27:39 Stone Mining
30:40 Ballistics
31:14 Bracer
33:14 Leather Archer Armor
34:04 Chemistry
33:53 Conscription
Jorge Garcia
10:29 Feudal Age
14:24 Castle Age
12:34 Double-Bit Axe
12:38 Horse Collar
14:05 Town Watch
15:21 Bow Saw
15:33 Loom
16:57 Gold Mining
22:57 Ballistics
23:07 Fervor
29:29 Imperial Age
27:32 Fletching
29:09 Bodkin Arrow
29:16 Crossbowman
30:30 Fortified Wall
30:28 Bracer
29:59 Capped Ram
31:43 Gold Shaft Mining
31:17 Padded Archer Armor
31:48 Masonry
32:14 Leather Archer Armor
31:57 Arbalester
32:52 Elite Skirmisher
Connection lost

Rejoining the realm…

Still unreachable

The connection could not be restored.

Session expired

The server has moved on; the page needs a fresh start.